 Dungeon Crawl Stone Soup version 0.17-a0-1037-gbf358b4 (webtiles) character file.

46 Vivisectus the Sneak (level 3, -5/24 HPs)
             Began as a Vampire Enchanter on May 14, 2015.
             Slain by a centaur warrior (8 damage)
             ... on level 1 of the Dungeon.
             The game lasted 00:10:02 (8355 turns).

Vivisectus the Sneak (Vampire Enchanter)            Turns: 8355, Time: 00:10:03

Health: -5/24      AC:  3    Str: 12    XL:     3   Next: 46%
Magic:  0/6        EV: 12    Int: 18    God:
Gold:   59         SH:  0    Dex: 14    Spells: 2 memorised, 3 levels left

rFire  . . .     SeeInvis +     a - +1 dagger
rCold  + + .     Clarity  .     b - +1 robe
rNeg   + + +     SustAb   .     (no shield)
rPois  ∞         Gourm    .     (no helmet)
rElec  .         Spirit   .     (no cloak)
rCorr  .         Warding  .     (no gloves)
rMut   .         Stasis   .     (no boots)
MR     .....                    (no amulet)
Stlth  +++.......               (no ring)
                                (no ring)

@: mighty, bloodless, non-regenerating, not resistant to hostile enchantments,
fairly stealthy
A: fangs 3, see invisible, unbreathing
a: Bat Form


You were on level 1 of the Dungeon.
You were bloodless.

You visited 1 branch of the dungeon, and saw 1 of its levels.

You collected 59 gold pieces.

Inventory:

Hand weapons
 a - a +1 dagger (weapon)
 d - a cursed +0 dagger
 g - a +0 dagger
 h - a +0 short sword
 j - a +0 dagger
 o - a +0 short sword
Armour
 b - a +1 robe (worn)
 m - a cursed +0 leather armour
Scrolls
 f - a scroll of identify {unknown}
 i - 2 scrolls of remove curse {unknown}
Potions
 k - a potion of curing {unknown}
 l - a potion of invisibility {unknown}
 n - a potion of mutation {unknown}
Books
 c - a book of Maledictions

   Spells                             Type                      Level
   a - Corona                         Hexes                        1
   b - Ensorcelled Hibernation        Hexes/Ice                    2
   c - Confuse                        Hexes                        3
   d - Tukima's Dance                 Hexes                        3
   e - Dazzling Spray                 Conjuration/Hexes            3


   Skills:
 - Level 1.8 Short Blades
 + Level 2.1 Dodging
 + Level 5.0 Stealth
 + Level 2.4 Spellcasting
 + Level 4.9 Hexes
 + Level 1.1 Ice Magic


You had 3 spell levels left.
You knew the following spells:

 Your Spells              Type           Power        Failure   Level  Hunger
a - Corona                Hex            ###....      1%          1    #......
b - Ensorcelled Hibernat  Hex/Ice        ##....       10%         2    ##.....


Dungeon Overview and Level Annotations

Branches:
Dungeon (1/15)

Altars:


Innate Abilities, Weirdness & Mutations

You do not heal naturally.
You are immune to poison.
You have razor-sharp teeth.
You have supernaturally acute eyesight.
You can survive without breathing.


Message History

The centaur warrior completely misses you.
The centaur warrior hits you.
Casting: Ensorcelled Hibernation
Confirm with . or Enter, or press ? or * to list all spells.
Aiming: Ensorcelled Hibernation
Press: ? - help, Shift-Dir - straight line, f/p - centaur warrior
Aim: a centaur warrior (chance to defeat MR: 27%)
The centaur warrior is unaffected.
The centaur warrior closely misses you.
Casting: Ensorcelled Hibernation
Confirm with . or Enter, or press ? or * to list all spells.
You don't have enough magic to cast that spell.
You closely miss the centaur warrior. The centaur warrior hits you.
* * * LOW HITPOINT WARNING * * *
The centaur warrior hits you.
* * * LOW HITPOINT WARNING * * *
Drink which item? (? for menu, Esc to quit)
It was a potion of might.
You feel very mighty all of a sudden. The centaur warrior hits you!
You die...

#.# #.# #.# #.#
###########
#######.####.........####
#............###........#
#.####...##### #.###.##.#
#.# #....(# #c###.##.#
[.# ##...## #@....##.#
### ##.## #.######.# #.#
#)# #.# #.# #.######.#
##(## #>.......# ##)..##
#.######## ##.....## #.##
##.......## #..##
###.........####)..##


You could see a centaur warrior.

Vanquished Creatures
  A gnoll (D:1)
  3 bats (D:1)
  3 hobgoblins (D:1)
  A quokka (D:1)
  4 giant geckos (D:1)
  3 giant newts (D:1)
  11 goblins (D:1)
  3 jackals (D:1)
  3 kobolds (D:1)
  2 rats (D:1)
34 creatures vanquished.

Notes
Turn   | Place    | Note
--------------------------------------------------------------
     0 | D:1      | Vivisectus the Vampire Enchanter began the quest for the Orb.
     0 | D:1      | Reached XP level 1. HP: 13/13 MP: 3/3
   268 | D:1      | Reached XP level 2. HP: 17/19 MP: 5/5
   637 | D:1      | Learned a level 2 spell: Ensorcelled Hibernation
  1386 | D:1      | Reached XP level 3. HP: 7/24 MP: 0/6
  4580 | D:1      | Reached skill level 1 in Ice Magic
  6697 | D:1      | Reached skill level 5 in Stealth
  8346 | D:1      | Noticed a centaur warrior
  8355 | D:1      | Slain by a centaur warrior

Vault maps used:
D:1:      scummos_arrival_star

Action                   || total
-------------------------++-------
Melee: Dagger            ||   112
 Cast: Ensorcelled Hiber ||    20
  Use: Potion            ||     1
 Stab: Sleeping          ||    12
  Eat: Corpse            ||    13
